 Dungeon Crawl Stone Soup version 0.30-a0-373-gd37427bb62 (webtiles) character file.

Game seed: 14112314649035715010

58 Raultor the Changer (level 4, -3/28 HPs)
             Began as an Octopode Transmuter on Nov 23, 2022.
             Slain by a goblin
             ... wielding a +0 dagger
             ... led by Robin
              (6 damage)
             ... on level 2 of the Dungeon.
             The game lasted 00:02:37 (920 turns).

Raultor the Changer (Octopode Transmuter)            Turns: 920, Time: 00:02:38

Health: -3/28      AC:  1    Str: 11    XL:     4   Next: 1%
Magic:  4/7        EV: 10    Int: 15    God:
Gold:   37         SH:  0    Dex: 12    Spells: 4/7 levels left

rFire   . . .      SeeInvis .      - Unarmed
rCold   . . .      Faith    .    (no shield)
rNeg    . . .      Spirit   .    (helmet currently unavailable)
rPois   +          Reflect  .    (no amulet)
rElec   .          Harm     .    P - ring of poison resistance
rCorr   .          Rampage  .    (no ring)
Will    .....                    (no ring)
Stlth   ++........               (no ring)
HPRegen 0.24/turn                (no ring)
MPRegen 0.10/turn                (no ring)
                                 (no ring)
                                 (no ring)

@: appendages, wereblooded, constricted
A: tentacle spike 3, almost no armour, amphibious, 8 rings, camouflage 1,
gelatinous body 1, (nimble swimmer 1), tentacles
a: End Transformation


You were on level 2 of the Dungeon.
One of your tentacles had grown a beastly spike.
You visited 1 branch of the dungeon, and saw 2 of its levels.

You collected 37 gold pieces.


Innate Abilities, Weirdness & Mutations

One of your tentacles has grown a beastly spike.
You cannot wear most types of armour.
You are amphibious.
You can wear up to eight rings at the same time.
Your skin changes colour to match your surroundings (Stealth+).
Your rubbery body absorbs attacks. (AC +1, EV +1)
((You are camouflaged when in or above water. (Stealth+)))
You have tentacles for arms and can constrict up to eight enemies at once.


   Skills:
 - Level 1.0 Fighting
 - Level 2.0 Dodging
 - Level 3.0 Unarmed Combat
 - Level 2.0 Spellcasting
 + Level 4.1 Transmutations


You had 4 spell levels left.
You knew the following spells:

 Your Spells              Type           Power      Damage    Failure   Level
b - Beastly Appendage     Tmut           28%        N/A       4%          1
w - Wereblood             Tmut           14%        N/A       6%          2

Your spell library contained the following spells:

 Spells                   Type           Power      Damage    Failure   Level
 Sting                    Tmut/Pois      28%        1d4       10%         1
 Spider Form              Tmut/Pois      7%         N/A       28%         3
 Poisonous Vapours        Pois/Air       2%         N/A       32%         2
 Ice Form                 Ice/Tmut       7%         N/A       67%         4
 Olgreb's Toxic Radiance  Pois           1%         N/A       91%         4

Inventory:

Jewellery
 P - a ring of poison resistance (left tentacle)
Scrolls
 c - a scroll of identify {unknown}
 d - a scroll of magic mapping {unknown}
Potions
 a - 2 potions of lignification
 b - 2 potions of cancellation {unknown}
 e - a potion of flight {unknown}
 f - a potion of ambrosia {unknown}

Dungeon Overview and Level Annotations

Branches:
Dungeon (2/15)

Altars:
Yredelemnul

Shops:
D:2 !

Annotations:
D:2 Natasha, Robin

gg........5.....
#..g....... ##..5#####
#h?.g## ##.gg.# ..
#g#.5#######. #.
#.##.r....... ##.##
#S###S....... .....###
#gg.g@.## .......##
#...g.g....# #......#
#............
#.)...####.#..........
###.....†)†(.....##....
#...>...#......### .###
.#.###...#..†...... #
.................##
.......###.........


You could see Robin, an adder, a white imp (summoned), a shadow imp (summoned),
2 hobgoblins, 6 goblins, a ball python and a rat.


Message History

* * * LOW HITPOINT WARNING * * *
The goblin barely misses you.
The hobgoblin shouts!
You tentacle-slap the goblin. You grab the goblin.
You pierce the goblin.
You feel a bit better.
You kill the goblin!
The rat twitches its whiskers.
The goblin barely misses you.
You have reached level 4!
You howl as the wereblood boils in your veins!
You hear a shout!
Natasha mumbles some strange words.
Robin throws the goblin at you!
* * * LOW HITPOINT WARNING * * *
Things that are here:
a +0 club; a +0 club The goblin attacks as you move away!
The goblin completely misses you. The goblin hits you with a +0 dagger.
* * * LOW HITPOINT WARNING * * *
The goblin attacks as you move away! The goblin closely misses you.
A goblin comes into view. It is wielding a +0 club.
Robin throws the goblin at you!
* * * LOW HITPOINT WARNING * * *
There is a stone staircase leading up here.
You howl as the wereblood boils in your veins!
The ball python bites you.
* * * LOW HITPOINT WARNING * * *
The ball python grabs you.
You stop ascending the stairs.
The ball python constricts you. The goblin hits you with a +0 dagger.
You die...

Skill      XL: |  1  2  3 |
---------------+----------+-----
Transmutations | 3 4 |  4.1
Fighting       | |  1.0
Dodging        | |  2.0
Unarmed Combat | |  3.0
Spellcasting   | |  2.0

Action                   |  1- 3 |  4- 6 || total
-------------------------+-------+-------++-------
Melee: Unarmed           |    54 |       ||    54
       Constrict         |    14 |       ||    14
       Tentacles         |    10 |       ||    10
       Kick              |     9 |       ||     9
       Punch             |     2 |       ||     2
 Cast: Beastly Appendage |     4 |       ||     4
       Wereblood         |     2 |       ||     2
 Stab: Sleeping          |     3 |       ||     3
Armor: Skin              |     1 |       ||     1
Dodge: Dodged            |    38 |     2 ||    40

Levels and vault maps discovered:
D:1:      enne_arrival_octagon_isle, layout_basic, hangedman_decor_slide_cut
D:2:      layout_rooms, serial_shops, shop, basic_altar,
          uniq_crazy_yiuf_cottage, uniq_sigmund, uniq_robin, uniq_natasha

Notes
Turn   | Place    | Note
-------+----------+-------------------------------------------
     0 | D:1      | Raultor the Octopode Transmuter began the quest for the
                  | Orb.
     0 | D:1      | Reached XP level 1. HP: 13/13 MP: 3/3
   149 | D:1      | Reached XP level 2. HP: 18/18 MP: 5/5
   165 | D:1      | Learned a level 2 spell: Wereblood
   172 | D:1      | Reached skill level 3 in Transmutations
   702 | D:2      | Noticed Natasha
   776 | D:2      | Found a basalt altar of Yredelemnul.
   781 | D:2      | Killed Natasha
   782 | D:2      | Reached XP level 3. HP: 9/23 MP: 4/6
   844 | D:2      | Noticed Natasha
   850 | D:2      | Reached skill level 4 in Transmutations
   898 | D:2      | Found Becizywn's Distillery.
   899 | D:2      | Found the +4 robe of Augmentation {Str+4 Int+4 Dex+4}
   902 | D:2      | Noticed Robin
   915 | D:2      | Reached XP level 4. HP: 15/28 MP: 3/7
   920 | D:2      | Slain by a goblin

Vanquished Creatures
  Natasha (D:2)
  4 dart slugs
  A ball python (D:1)
  2 endoplasms (D:1)
  2 giant cockroaches (D:2)
  5 goblins
  A hobgoblin (D:2)
  A quokka (D:1)
  4 bats
  2 kobolds (D:1)
23 creatures vanquished.

Table legend: (Time is in decaauts)
 A = Elapsed time spent in this place.
 B = Non-inter-level travel time spent in this place.
 C = Inter-level travel time spent in this place.
 D = Time resting spent in this place.
 E = Time spent auto-exploring this place.
 F = Levels seen in this place.
 G = Mean time per level.
                   A        B        C        D        E       F      G
               +--------+--------+--------+--------+--------+-----+--------+
         Total |    916 |    871 |     45 |      0 |    680 |   2 |  458.0 |
       Dungeon |    916 |    871 |     45 |      0 |    680 |   2 |  458.0 |
               +--------+--------+--------+--------+--------+-----+--------+

Top non-repeatable levels by time:
     D:1: 735 daAuts
     D:2: 180 daAuts

Table legend:
 A = Non-vault XP
 B = Vault XP
 C = Vault XP percentage of total XP
 D = Non-vault monster count
 E = Vault monster count
 F = Vault count percentage of total count
                 A         B        C        D         E       F
            +---------+---------+-------+---------+---------+-------
      Total |      44 |      39 |  47.0 |      20 |       3 |  13.0
            +---------+---------+-------+---------+---------+-------
        D:1 |      27 |       0 |   0.0 |      12 |       0 |   0.0
        D:2 |      17 |      39 |  69.6 |       8 |       3 |  27.3
            +---------+---------+-------+---------+---------+-------
